AoeStats
← Camila Lobao

Nomad

510048017Analyzed
3v3 RM · 4d ago on Sep 29, 2026· 38m 36s· 6 players
Game mode
Random Map
Map size
210×210
Population
200
Speed
Normal
Resources
Standard
Victory
Conquest
Starting age
Dark Age
Ending age
Imperial Age
RankedLock teamsTeams togetherTeam positionsShared explorationLock speedFull tech treeHidden civsTurbo modeCheats
Victory
Defeat
🇧🇷 Celts · Brazil
1051
+13
🇧🇷 Georgians · Brazil
1051
+13
🇧🇷 Japanese · Brazil
1051
+13
🇺🇸 Romans · United States
1033
-14
🇨🇦 Cumans · Canada
990
-13
🇦🇷 Wei · Argentina
956
-12
Mr. Excel
5:15 Loom
13:35 Feudal Age
14:40 Man-at-Arms
19:40 Arson
咚咚帕
5:09 Loom
14:40 Feudal Age
15:12 Fishing Lines
16:25 Double-Bit Axe
18:34 Gold Mining
22:18 Stone Mining
23:46 Fletching
26:15 Castle Age
25:25 Horse Collar
28:51 Bloodlines
28:44 Husbandry
29:31 Bow Saw
37:54 Imperial Age
37:05 Ballistics
Sonhero1
4:45 Loom
14:56 Feudal Age
16:47 Fishing Lines
17:25 Man-at-Arms
23:54 Castle Age
24:32 Stone Mining
25:43 Wheelbarrow
hig_sfc
3:46 Loom
15:32 Feudal Age
16:16 Double-Bit Axe
21:42 Castle Age
20:53 Forging
28:30 Arson
29:22 Squires
30:41 Scale Mail Armor
32:49 Wheelbarrow
32:13 Fishing Lines
34:37 Bow Saw
33:55 Pikeman
36:42 Iron Casting
36:35 Chain Mail Armor
36:48 Gillnets
HeC_SantosFC
4:08 Loom
14:32 Feudal Age
15:49 Wheelbarrow
15:04 Double-Bit Axe
16:06 Fishing Lines
24:51 Castle Age
22:27 Man-at-Arms
24:04 Bloodlines
24:06 Forging
24:03 Scale Barding Armor
25:12 Fletching
30:46 Iron Casting
30:06 Horse Collar
30:50 Bow Saw
31:17 Heavy Plow
33:28 Chain Barding Armor
Camila Lobao
5:51 Loom
16:07 Feudal Age
20:19 Castle Age
18:36 Double-Bit Axe
19:42 Stone Mining
30:41 Pikeman
33:42 Wheelbarrow
34:47 Horse Collar
35:19 Fletching
Connection lost

Rejoining the realm…

Still unreachable

The connection could not be restored.

Session expired

The server has moved on; the page needs a fresh start.